General information
- name: BNet
- type: Ladder team game (AT/RT)
- host: Battle.net
- saver: S.T.A.L.K.E.R.
map: FullScaleAssault
- players: 8
- length: 12:37
- speed: Fast
- version: 1.26 W3XP
- replay type: Public
» download(63 KB)
Players
team 1 (winner)
KillKillKill (
red | 68 APM | 863 actions | 12:37)
2 Archmage
1 Summon Water Elemental
1 Brilliance Aura
» actions
| Assign group hotkey | 60 | |
| Basic commands | 113 | |
| Build / train | 35 | |
| Enter build submenu | 6 | |
| Enter hero's abilities submenu | 2 | |
| Right click | 426 | |
| Select / deselect | 157 | |
| Select group hotkey | 39 | |
| Use ability | 25 | |
863 total
» units
» upgrades
» buildings
| Altar of Kings | 1 | |
| Farm | 3 | |
| Barracks | 2 | |
6 total
» build order
00:32 Altar of Kings
00:35 Farm
00:50 Barracks
01:07 Farm
01:42 Farm
04:08 Barracks
» items
| Boots of Speed | 1 | |
| Staff of Teleportation | 1 | |
| Scroll of Town Portal | 1 | |
3 total
S.T.A.L.K.E.R. (
green | 60 APM | 760 actions | 12:37)
3 Death Knight
1 Death Coil
2 Unholy Aura
» actions
| Assign group hotkey | 12 | |
| Basic commands | 76 | |
| Build / train | 37 | |
| Enter build submenu | 14 | |
| Enter hero's abilities submenu | 3 | |
| Remove unit from queue | 1 | |
| Right click | 254 | |
| Select / deselect | 208 | |
| Select group hotkey | 128 | |
| Use ability | 27 | |
760 total
» units
| Acolyte | 2 | |
| Ghoul | 8 | |
| Crypt Fiend | 1 | |
| Gargoyle | 2 | |
13 total
» upgrades
| Unholy Strength | 3 | |
| Unholy Armor | 1 | |
| Creature Attack | 1 | |
| Creature Carapace | 1 | |
| Cannibalize | 1 | |
| Ghoul Frenzy | 1 | |
| Stone Form | 1 | |
9 total
» buildings
| Altar of Darkness | 1 | |
| Ziggurat | 4 | |
| Crypt | 2 | |
| Graveyard | 1 | |
| Tomb of Relics | 1 | |
| Spirit Tower | 8 | |
| Halls of the Dead | 1 | |
| Black Citadel | 1 | |
19 total
» build order
00:07 Altar of Darkness
00:07 Ziggurat
00:33 Crypt
01:00 Graveyard
01:27 Tomb of Relics
01:42 Ziggurat
02:42 Spirit Tower
02:43 Spirit Tower
03:32 Spirit Tower
04:21 Halls of the Dead
05:35 Ziggurat
06:33 Spirit Tower
07:15 Black Citadel
07:58 Crypt
08:41 Ziggurat
09:35 Spirit Tower
ForFunNow (
yellow | 51 APM | 639 actions | 12:37)
1 Keeper of the Grove
1 Force of Nature
» actions
| Assign group hotkey | 7 | |
| Basic commands | 11 | |
| Build / train | 25 | |
| Enter build submenu | 8 | |
| Enter hero's abilities submenu | 1 | |
| Remove unit from queue | 3 | |
| Right click | 333 | |
| Select / deselect | 79 | |
| Select group hotkey | 156 | |
| Use ability | 16 | |
639 total
» units
» buildings
| Altar of Elders | 1 | |
| Moon Well | 3 | |
| Hunter's Hall | 1 | |
| Ancient of War | 2 | |
7 total
» build order
00:13 Altar of Elders
00:20 Moon Well
01:26 Hunter's Hall
01:48 Ancient of War
02:00 Moon Well
02:19 Ancient of War
02:32 Moon Well

»
Khorg (
blue | 21 APM | 271 actions | 12:37)
1 Priestess of the Moon
1 Trueshot Aura
» actions
| Assign group hotkey | 6 | |
| Basic commands | 30 | |
| Build / train | 17 | |
| Enter build submenu | 6 | |
| Enter hero's abilities submenu | 1 | |
| Right click | 69 | |
| Select / deselect | 67 | |
| Select group hotkey | 64 | |
| Use ability | 11 | |
271 total
» units
» buildings
| Altar of Elders | 1 | |
| Ancient of War | 1 | |
| Moon Well | 3 | |
5 total
» build order
00:22 Altar of Elders
00:32 Ancient of War
00:36 Moon Well
01:40 Moon Well
02:02 Moon Well
team 2 (loser)
little.warrior (
orange | 76 APM | 965 actions | 12:37)
5 Archmage
3 Summon Water Elemental
2 Brilliance Aura
1 Shadow Hunter
1 Hex
» actions
| Assign group hotkey | 18 | |
| Basic commands | 5 | |
| Build / train | 104 | |
| Enter build submenu | 44 | |
| Enter hero's abilities submenu | 8 | |
| Right click | 281 | |
| Select / deselect | 164 | |
| Select group hotkey | 258 | |
| Use ability | 83 | |
965 total
» units
| Peasant | 20 | |
| Peon | 10 | |
| Footman | 25 | |
| Grunt | 2 | |
| Wind Rider | 8 | |
| Rifleman | 10 | |
| Gryphon Rider | 9 | |
84 total
» buildings
| Altar of Kings | 4 | |
| Farm | 34 | |
| Barracks | 6 | |
| Altar of Storms | 1 | |
| Orc Burrow | 8 | |
| Stronghold | 1 | |
| Keep | 4 | |
| Beastiary | 2 | |
| Blacksmith | 2 | |
| Castle | 4 | |
| Lumber Mill | 2 | |
| Gryphon Aviary | 3 | |
71 total
» build order
00:09 Altar of Kings
00:26 Farm
00:31 Barracks
01:01 Altar of Storms
01:04 Barracks
01:19 Altar of Kings
01:21 Barracks
01:24 Altar of Kings
01:30 Altar of Kings
01:32 Barracks
01:38 Farm
01:47 Farm
01:52 Farm
01:52 Farm
02:14 Farm
02:29 Farm
02:50 Farm
02:57 Orc Burrow
03:02 Orc Burrow
03:05 Stronghold
03:16 Farm
03:17 Farm
03:17 Farm
03:17 Farm
03:24 Farm
03:25 Farm
03:26 Farm
03:44 Barracks
03:53 Farm
03:58 Orc Burrow
04:11 Keep
04:12 Keep
04:14 Farm
04:15 Farm
04:15 Farm
04:15 Farm
05:36 Beastiary
05:37 Beastiary
06:01 Orc Burrow
06:01 Orc Burrow
06:07 Keep
06:10 Blacksmith
06:13 Blacksmith
06:16 Keep
06:33 Castle
06:36 Lumber Mill
06:39 Farm
06:41 Farm
06:41 Farm
07:37 Farm
07:37 Farm
07:37 Farm
07:38 Farm
07:38 Farm
07:44 Farm
07:45 Farm
07:45 Farm
07:48 Gryphon Aviary
07:49 Gryphon Aviary
07:49 Gryphon Aviary
08:18 Barracks
08:20 Farm
08:20 Farm
08:21 Farm
08:44 Castle
08:44 Castle
10:22 Orc Burrow
10:23 Orc Burrow
11:20 Lumber Mill
Vyrul (
pink | 35 APM | 8 actions | 00:13)
» actions
| Right click | 6 | |
| Select / deselect | 2 | |
8 total
NiGhT[GGL] (
purple | 12 APM | 2 actions | 00:09)
» actions
| Right click | 1 | |
| Select / deselect | 1 | |
2 total
Chat log
(00:19 / All) S.T.A.L.K.E.R.: nigger please
(00:33 / Allies) ForFunNow: rush?
(00:38 / Allies) S.T.A.L.K.E.R.: no
(00:54 / Allies) S.T.A.L.K.E.R.: let's cc
(01:07 / Allies) ForFunNow: i'll rush
(01:18 / Allies) S.T.A.L.K.E.R.: cc not rush
(01:20 / Allies) KillKillKill: lol
(01:22 / Allies) KillKillKill: yellow
(01:26 / Allies) KillKillKill: you're ruthless
(01:30 / Allies) KillKillKill: so am I
(02:03 / Allies) ForFunNow: he afk
(02:07 / Allies) ForFunNow: just finish it
(02:16 / Allies) S.T.A.L.K.E.R.: cc
(04:03 / Allies) KillKillKill: Fail.
(04:42 / Allies) ForFunNow: go ahead newb
(04:52 / Allies) S.T.A.L.K.E.R.: k I shall
(04:56 / Allies) S.T.A.L.K.E.R.: newb
(05:02 / Allies) S.T.A.L.K.E.R.: afk o i c
(05:21 / Allies) S.T.A.L.K.E.R.: get fucked
(05:44 / Allies) ForFunNow: np
(05:54 / Allies) ForFunNow: don't care
(06:42 / Allies) ForFunNow: haha
(06:47 / Allies) ForFunNow: run red
(07:36 / Allies) ForFunNow: you cannot catch me
(07:41 / Allies) KillKillKill: You lose, fag
(07:44 / Allies) KillKillKill: Run all you want
(09:22 / Allies) ForFunNow: watch
(09:23 / Allies) ForFunNow: haha
(09:30 / Allies) KillKillKill: Oh noes
(09:37 / Allies) KillKillKill: My friend is gonna kill me
(09:51 / Allies) ForFunNow: catch me if you can
(09:53 / Allies) ForFunNow: haha
(11:48 / Allies) KillKillKill: raped
(11:52 / Allies) ForFunNow: so
(11:59 / Allies) KillKillKill: get lost scrub
(12:06 / Allies) ForFunNow: np
(12:09 / Allies) ForFunNow: you too
(12:13 / Allies) KillKillKill: Get lost you suck
(12:18 / Allies) ForFunNow: npo
(12:21 / Allies) ForFunNow: np for sure
(12:25 / Allies) ForFunNow: haha
(12:29 / Allies) ForFunNow: oh
(12:33 / Allies) ForFunNow: too bad
(12:37 / Allies) KillKillKill: Nice hero